 Dungeon Crawl Stone Soup version 0.23.0 (webtiles) character file.

Game seed: 9458278474857328287

3103 MalarOregon the Frost Mage (level 9, -1/57 HPs)
             Began as a Merfolk Ice Elementalist on Feb 12, 2019.
             Slain by a wyvern skeleton (14 damage)
             ... on level 7 of the Dungeon.
             The game lasted 00:32:52 (7523 turns).

MalarOregon the Frost Mage (MfIE)                   Turns: 7523, Time: 00:32:53

Health: -1/57      AC:  3    Str: 12    XL:     9   Next: 90%
Magic:  27/29      EV: 16    Int: 17    God:
Gold:   285        SH:  0    Dex: 19    Spells: 14/23 levels left

rFire    + . .     SeeInvis .   G - +2 mace (drain)
rCold    . . .     Gourm    .   (no shield)
rNeg     . . .     Faith    .   u - +1 leather armour "Koplura" {Regen+ Str+3}
rPois    .         Spirit   .   (no helmet)
rElec    .         Reflect  .   D - +0 cloak
rCorr    .         Harm     .   v - +1 pair of gloves
MR       .....                  (no boots)
Stlth    +++.......             x - amulet of magic regeneration
HPRegen  0.59/turn              f - ring of magical power
MPRegen  0.46/turn              i - ring of protection from fire

@: agile, corroded, heavily drained
A: change form in water, swift swim, stealthy swim
a: no special abilities


You were on level 7 of the Dungeon.
You were not hungry.

You visited 2 branches of the dungeon, and saw 8 of its levels.

You collected 285 gold pieces.

Inventory:

Hand Weapons
 o - a +2 whip of freezing
   (You took it off Pikel on level 6 of the Dungeon)
 w - a +2 scythe of flaming
   (You took it off Sigmund on level 4 of the Dungeon)
 E - a +1 dagger of holy wrath
   (You took it off an orc priest on level 6 of the Dungeon)
 G - a +2 mace of draining (weapon)
   (You found it on level 5 of the Dungeon)
 K - a +0 hand axe of electrocution
   (You found it on level 6 of the Dungeon)
Armour
 u - the +1 leather armour "Koplura" (worn) {Regen+ Str+3}
   (You found it on level 4 of the Dungeon)

   It affects your strength (+3).
   It increases your rate of regeneration.
 v - a +1 pair of gloves (worn)
   (You found it on level 4 of the Dungeon)
 D - a +0 cloak (worn)
   (You took it off Crazy Yiuf on level 5 of the Dungeon)
Jewellery
 f - a ring of magical power (left hand)
   (You took it off a hobgoblin on level 1 of the Dungeon)
 i - a ring of protection from fire (right hand)
   (You found it on level 4 of the Dungeon)
 t - an uncursed ring of flight
   (You found it on level 4 of the Dungeon)
 x - an amulet of magic regeneration (around neck)
   (You found it on level 4 of the Dungeon)
Wands
 d - a wand of iceblast (19)
   (You took it off Ijyb on level 3 of the Dungeon)
Scrolls
 c - 2 scrolls of remove curse {@r2}
 g - 5 scrolls of teleportation {@r4}
 k - 4 scrolls of enchant weapon
 n - a scroll of random uselessness {unknown}
 q - a scroll of amnesia {unknown}
 s - a scroll of magic mapping {unknown}
 y - a scroll of fog {unknown}
 z - 2 scrolls of fear {unknown}
 A - a scroll of noise {unknown}
 B - a scroll of immolation {unknown}
 H - a scroll of enchant armour
Potions
 a - a potion of lignification {unknown}
 b - 2 potions of curing {@q1}
 h - a potion of resistance {unknown}
 j - 2 potions of mutation {!q}
 p - a potion of berserk rage {unknown}
 r - a potion of degeneration {unknown}
 C - 2 potions of haste {@q3}
 I - 2 potions of brilliance
Comestibles
 e - 13 rations {!d}
 l - 2 chunks of flesh


   Skills:
 - Level 2.6(1.1) Dodging
 - Level 2.1(0.6) Stealth
 + Level 7.7(5.9) Spellcasting
 - Level 0.7(0.0) Conjurations
 + Level 7.0(5.2) Summonings
 + Level 9.4(7.5) Ice Magic


You had 14 spell levels left.
You knew the following spells:

 Your Spells              Type           Power        Failure   Level  Hunger
a - Freeze                Ice            ####         1%          1    None
c - Throw Icicle          Conj/Ice       ###.....     34%         4    ####...
d - Summon Ice Beast      Ice/Summ       ####....     12%         4    ####...

Your spell library contained the following spells:

 Spells                   Type           Power        Failure   Level  Hunger
 Throw Frost              Conj/Ice       ###...       5%          2    None
 Ozocubu's Armour         Chrm/Ice       ###.....     11%         3    ##.....


Dungeon Overview and Level Annotations

Branches:
Dungeon (7/15)             Temple (1/1) D:5

Altars:
Ashenzari
Cheibriados
Dithmenos
Fedhas
Hepliaklqana
Kikubaaqudgha
Makhleb
Nemelex Xobeh
Qazlal
Ru
Trog
Uskayaw
Vehumet
Wu Jian
Xom
Yredelemnul
Zin
The Shining One

Shops:
D:4 :

Annotations:
D:7 Joseph


Message History

Aim: a jelly You freeze the jelly.
The jelly hits you but does no damage. The hound closely misses you.
You barely miss the jelly. The hound bites you but does no damage.
The jelly closely misses you. The wyvern skeleton bites you!
The hound barely misses you. The jelly hits you. The acid corrodes you!
You are splashed with acid!
Aim: a jelly (lightly wounded)
You freeze the jelly. The hound bites you.
The wyvern skeleton barely misses you. The hound bites you.
* * * LOW HITPOINT WARNING * * *
The jelly hits you but does no damage. The wyvern skeleton barely misses you.
Aim: a jelly (moderately wounded)
You freeze the jelly. The hound closely misses you.
The wyvern skeleton bites you but does no damage.
The jelly closely misses you.
Aim: a jelly (heavily wounded)
You freeze the jelly!
You kill the jelly!
Your base Summonings skill increases to level 7!
The hound closely misses you. The wyvern skeleton barely misses you.
The hound bites you but does no damage.
Aim: a hound You freeze the hound.
The wyvern skeleton barely misses you. The hound bites you but does no damage.
The wyvern skeleton bites you but does no damage.
Aim: a hound (lightly wounded)
You freeze the hound! The hound barely misses you.
The wyvern skeleton bites you.
* * * LOW HITPOINT WARNING * * *
The hound barely misses you.
Aim: a hound (severely wounded)
You freeze the hound. The hound closely misses you.
The wyvern skeleton bites you but does no damage.
Aim: a hound (almost dead)
You freeze the hound.
You kill the hound!
The wyvern skeleton bites you!
* * * LOW HITPOINT WARNING * * *
The wyvern skeleton bites you!
* * * LOW HITPOINT WARNING * * *
Okay, then.
Here: a wyvern skeleton The floor.
Okay, then.
You feel better. The wyvern skeleton misses you.
You feel agile all of a sudden. The wyvern skeleton barely misses you.
You hit the wyvern skeleton. The wyvern skeleton bites you!
You die...

#....## ....
####.....#......
...............####
.......<...........
###.............?..
..................#
..###..............
# ..#......†....#
#......Z@.....##
#........(.....#
##..........##.#
#......<.>..#
............#
..............#
.##.............
###...#...$...
#..##.......


You could see a wyvern skeleton.

Vanquished Creatures
  Pikel (D:6)
  A hippogriff (D:6)
  Sigmund (D:4)
  2 orc warriors
  An ice beast (D:5)
  3 slaves (D:6)
  2 ogres (D:6)
  A gnoll sergeant (D:6)
  5 bullfrogs
  Dowan (D:6)
  A scorpion (D:4)
  8 wights
  4 howler monkeys (D:6)
  3 crimson imps
  3 hounds
  3 jellies
  An orc wizard (D:5)
  An orc priest (D:6)
  A bullfrog skeleton (D:5)
  Crazy Yiuf (D:5)
  Ijyb (D:3)
  An iguana (D:4)
  3 worker ants
  A hound skeleton (D:4)
  A worker ant zombie (D:6)
  4 gnolls
  7 adders
  2 shadow imps
  2 oozes
  2 adder skeletons (D:4)
  4 worms
  4 dart slugs
  9 leopard geckos
  15 orcs
  4 giant cockroaches
  12 goblins
  12 hobgoblins
  5 jackals
  3 quokkas
  2 ball pythons
  7 bats
  7 frilled lizards
  11 kobolds
  7 rats
  A fungus (D:5)
171 creatures vanquished.

Vanquished Creatures (collateral kills)
  Duvessa (D:6)
  A howler monkey (D:6)
  A bullfrog zombie (D:6)
  A hound (D:6)
  An orc wizard (D:6)
  An iguana (D:6)
  A gnoll (D:5)
  A leopard gecko (D:6)
  An orc (D:5)
  2 jackals (D:6)
11 creatures vanquished.

Grand Total: 182 creatures vanquished

Notes
Turn   | Place    | Note
-------+----------+-------------------------------------------
     0 | D:1      | MalarOregon the Merfolk Ice Elementalist began the quest
                  | for the Orb.
     0 | D:1      | Reached XP level 1. HP: 13/13 MP: 3/3
   121 | D:1      | Reached XP level 2. HP: 4/19 MP: 1/5
   501 | D:1      | Reached XP level 3. HP: 4/24 MP: 0/6
   757 | D:1      | Reached skill level 4 in Ice Magic
  1242 | D:2      | Reached XP level 4. HP: 22/30 MP: 5/8
  1549 | D:2      | Found a stormy altar of Qazlal.
  1866 | D:3      | Reached XP level 5. HP: 30/35 MP: 10/10
  1963 | D:3      | Reached skill level 5 in Ice Magic
  2186 | D:3      | Noticed Ijyb
  2193 | D:3      | Killed Ijyb
  2487 | D:4      | Learned a level 4 spell: Summon Ice Beast
  2546 | D:4      | Reached XP level 6. HP: 31/41 MP: 12/12
  2649 | D:4      | Found Ytucicirch's Book Shoppe.
  2949 | D:4      | Reached skill level 1 in Summonings
  2978 | D:4      | Got a scorched leather armour
  3016 | D:4      | Identified the +1 leather armour "Koplura" {Regen+ Str+3}
                  | (You found it on level 4 of the Dungeon)
  3078 | D:4      | Noticed Sigmund
  3090 | D:4      | Killed Sigmund
  3090 | D:4      | Reached skill level 6 in Ice Magic
  3090 | D:4      | Reached XP level 7. HP: 21/46 MP: 14/14
  3532 | D:5      | Entered Level 5 of the Dungeon
  3617 | D:5      | Found a sacrificial altar of Ru.
  3692 | D:5      | Reached skill level 5 in Spellcasting
  3756 | D:5      | Found a staircase to the Ecumenical Temple.
  3765 | Temple   | Entered the Ecumenical Temple
  3997 | D:5      | Found a burning altar of Makhleb.
  3997 | D:5      | Found a shadowy altar of Dithmenos.
  3999 | D:5      | Found a sparkling altar of Nemelex Xobeh.
  4317 | D:5      | Found a hazy altar of Hepliaklqana.
  4438 | D:5      | Found a runed translucent door.
  4439 | D:5      | Noticed Crazy Yiuf
  4448 | D:5      | Killed Crazy Yiuf
  4703 | D:5      | Reached XP level 8. HP: 41/52 MP: 16/16
  4736 | D:6      | Reached skill level 7 in Ice Magic
  5147 | D:6      | Noticed Duvessa
  5159 | D:6      | Killed Duvessa
  5164 | D:6      | Noticed Dowan
  5372 | D:6      | Reached skill level 5 in Summonings
  5783 | D:5      | Reached skill level 8 in Ice Magic
  5818 | D:5      | Learned a level 4 spell: Throw Icicle
  6072 | D:6      | Reached XP level 9. HP: 51/57 MP: 18/18
  6417 | D:6      | Killed Dowan
  6485 | D:7      | Noticed Pikel
  6919 | D:7      | Noticed Joseph
  7360 | D:6      | Reached skill level 9 in Ice Magic
  7463 | D:6      | Killed Pikel
  7523 | D:7      | Slain by a wyvern skeleton

Skill      XL: |  1  2  3  4  5  6  7  8  9 |
---------------+----------------------------+-----
Ice Magic      | 4 5 6 8 9 |  9.4
Spellcasting   | 3 4 5 6 7 |  7.7
Summonings     | 2 3 5 7 |  7.0
Dodging        | |  2.6
Stealth        | |  2.1
Conjurations   | |  0.7

Action                   |  1- 3 |  4- 6 |  7- 9 || total
-------------------------+-------+-------+-------++-------
Melee: Unarmed           |    20 |     3 |       ||    23
       Mace              |       |    21 |   158 ||   179
       Dagger            |       |       |    54 ||    54
       Scythe            |       |       |    46 ||    46
 Cast: Freeze            |    54 |   121 |   145 ||   320
       Summon Ice Beast  |       |       |    14 ||    14
  Use: Scroll            |       |       |    10 ||    10
       Potion            |       |       |     2 ||     2
 Stab: Sleeping          |       |     1 |     1 ||     2
       Distracted        |       |       |     1 ||     1
  Eat: Chunk             |     1 |     6 |    15 ||    22
       Ration            |       |       |     2 ||     2
Armor: Robe              |     5 |    14 |       ||    19
       Leather armour    |       |       |   121 ||   121
Dodge: Dodged            |    22 |    62 |   299 ||   383
